 Dungeon Crawl Stone Soup version 0.19-a0-1185-gacb3972 (webtiles) character file.

201 Rhoefr the Ducker (level 5, -1/38 HPs)
             Began as a Merfolk Ice Elementalist on Aug 18, 2016.
             Slain by a white imp (6 damage)
             ... summoned by Natasha
             ... on level 4 of the Dungeon.
             The game lasted 00:12:49 (4356 turns).

Rhoefr the Ducker (Merfolk Ice Elementalist)        Turns: 4356, Time: 00:12:50

Health: -1/38      AC:  3    Str:  8    XL:     5   Next: 79%
Magic:  5/8        EV: 15    Int: 15    God:
Gold:   155        SH:  5    Dex: 15    Spells: 2 memorised, 4 levels left

rFire  . . .     SeeInvis .     a - +1 dagger (venom)
rCold  . . .     Gourm    .     f - +0 robe
rNeg   . . .     Faith    .     w - +0 buckler
rPois  .         Spirit   .     (no helmet)
rElec  .         Dismiss  .     (no cloak)
rCorr  .         Reflect  .     r - +0 pair of gloves
MR     .....     Harm     +     (no boots)
Stlth  ++........               F - amulet of harm
                                (no ring)
                                (no ring)

@: no status effects
A: change form in water, swift swim
a: no special abilities


You were on level 4 of the Dungeon.
You were not hungry.

You visited 1 branch of the dungeon, and saw 4 of its levels.

You collected 155 gold pieces.

Inventory:

Hand Weapons
 a - a +1 dagger of venom (weapon)
 y - a cursed -2 trident
Missiles
 h - 3 javelins (quivered)
Armour
 f - a +0 robe (worn)
 r - a +0 pair of gloves (worn)
 s - a +0 leather armour
 w - a +0 buckler (worn)
Jewellery
 F - an amulet of harm (around neck)
Wands
 q - a wand of confusion (21/48)
Scrolls
 d - a scroll of amnesia {unknown}
 i - a scroll of noise {unknown}
 j - a scroll of random uselessness {unknown}
 k - 2 scrolls of teleportation {unknown}
 m - a scroll of fear {unknown}
 n - a scroll of magic mapping {unknown}
 o - a scroll of enchant armour {unknown}
 p - 2 scrolls of remove curse {unknown}
 u - a scroll of enchant weapon {unknown}
 x - a scroll of recharging {unknown}
Potions
 e - a potion of brilliance {unknown}
 t - a potion of lignification {unknown}
 z - 3 potions of curing
 A - a potion of degeneration {unknown}
 B - a potion of agility {unknown}
 C - a potion of magic {unknown}
 D - 2 potions of might {unknown}
Books
 b - a book of Frost

   Spells                             Type                      Level
   a - Freeze                         Ice                          1
   b - Throw Frost                    Conjuration/Ice              2
   c - Ozocubu's Armour               Charms/Ice                   3
   d - Throw Icicle                   Conjuration/Ice              4
   e - Summon Ice Beast               Ice/Summoning                4
Comestibles
 c - 2 bread rations
 g - 3 meat rations
 l - 2 slices of pizza
 v - 2 fruits
 E - 2 chunks of flesh


   Skills:
 - Level 1.8 Fighting
 - Level 4.7 Dodging
 - Level 2.1 Stealth
 + Level 3.5 Shields
 - Level 2.0 Spellcasting
   Level 0.7 Conjurations
 - Level 0.7 Charms
 - Level 3.6 Ice Magic


You had 4 spell levels left.
You knew the following spells:

 Your Spells              Type           Power        Failure   Level  Hunger
a - Freeze                Ice            ##..         6%          1    #......
b - Ozocubu's Armour      Chrm/Ice       #.......     30%         3    ###....


Dungeon Overview and Level Annotations

Branches:
Dungeon (4/15)
 Temple: D:4-7

Altars:
Fedhas

Annotations:
D:4 Natasha


Message History

Confirm with . or Enter, or press ? or * to list all spells.
Aiming: Freeze
Press: ? - help, Shift-Dir - straight line, f/p - Natasha
Aim: Natasha (lightly wounded, poisoned, unusually resistant)
You freeze Natasha.
Natasha resists.
Natasha is moderately wounded.
Natasha barely misses you. The white imp closely misses you.
Casting: Freeze
Confirm with . or Enter, or press ? or * to list all spells.
Aiming: Freeze
Press: ? - help, Shift-Dir - straight line, f/p - Natasha
Aim: Natasha (moderately wounded, poisoned, unusually resistant)
You freeze Natasha.
Natasha resists.
Natasha is moderately wounded.
Natasha claws you but does no damage.
The white imp grinds its teeth.
The white imp hits you.
* * * LOW HITPOINT WARNING * * *
The white imp freezes you.
You die...

.# # #.# >.# #.# ...
#.######## #..
#........#
#..#####........#
##.h@..#........#
......5............#
###########........#
#.......<#
#........#
#.######## #.# #.#
#.#


You could see Natasha and a white imp.

Vanquished Creatures
  Ijyb (D:2)
  3 gnolls (D:3)
  An adder (D:2)
  An ooze (D:2)
  2 worms (D:2)
  4 dart slugs
  3 giant geckos
  8 orcs (D:3)
  3 giant cockroaches
  9 goblins
  6 hobgoblins
  18 jackals
  A quokka (D:3)
  4 ball pythons
  5 bats
  2 giant newts (D:3)
  3 kobolds
  40 rats
114 creatures vanquished.

Notes
Turn   | Place    | Note
-------+----------+-------------------------------------------
     0 | D:1      | Rhoefr the Merfolk Ice Elementalist began the quest for the Orb.
     0 | D:1      | Reached XP level 1. HP: 13/13 MP: 3/3
    21 | D:1      | Reached skill level 3 in Dodging
   473 | D:1      | Reached XP level 2. HP: 15/19 MP: 0/5
  1219 | D:1      | Reached XP level 3. HP: 8/25 MP: 2/6
  1429 | D:1      | Learned a level 3 spell: Ozocubu's Armour
  1498 | D:2      | Reached skill level 4 in Dodging
  1757 | D:2      | Noticed Ijyb
  1777 | D:2      | Killed Ijyb
  1777 | D:2      | Reached skill level 1 in Fighting
  1777 | D:2      | Reached XP level 4. HP: 30/32 MP: 3/7
  2598 | D:3      | Reached skill level 1 in Shields
  2620 | D:3      | Found a blossoming altar of Fedhas.
  3155 | D:3      | Reached XP level 5. HP: 31/38 MP: 4/8
  4345 | D:4      | Noticed Natasha
  4356 | D:4      | Slain by a white imp

Vault maps used:
D:1:      saegor_arrival_simple_b
D:2:      uniq_iyjb
D:3:      nicolae_overflow_hidden_temple, nrook_mini_backslash,
          minmay_rats_cheesy_pizza
D:4:      serial_shops, shop_statue, first_bread, uniq_natasha

Skill      XL: |  1  2  3  4  5 |
---------------+----------------+-----
Dodging        | 3 4 |  4.7
Fighting       | 1 |  1.8
Shields        | 2 3 |  3.5
Stealth        | |  2.1
Spellcasting   | |  2.0
Conjurations   | |  0.7
Charms         | |  0.7
Ice Magic      | |  3.6

Action                   |  1- 3 |  4- 6 || total
-------------------------+-------+-------++-------
Melee: Unarmed           |    20 |       ||    20
       Dagger            |    55 |   263 ||   318
 Cast: Freeze            |    19 |     7 ||    26
       Ozocubu's Armour  |     1 |     3 ||     4
 Stab: Sleeping          |     2 |     9 ||    11
  Eat: Chunk             |     3 |     9 ||    12
Armor: Robe              |    13 |    39 ||    52
Dodge: Dodged            |    57 |   151 ||   208
Block: Buckler           |       |    48 ||    48
